 Seeded DCSS version 0.29.1-2-gbd0b4ee654 (webtiles) character file.

Game seed: 1 (custom seed)

68477 Kazon the Carver (level 14, -7/129 HPs)
             Began as a Black Draconian Berserker on Nov 25, 2022.
             Was a High Priest of Trog.
             Mangled by a dire elephant simulacrum (25 damage)
             ... summoned by an orange crystal statue
             ... in an ice cave on Nov 28, 2022.
             The game lasted 01:36:28 (15554 turns).

Kazon the Carver (Black Draconian Berserker)       Turns: 15554, Time: 01:36:30

Health: -7/129     AC: 12    Str: 20    XL:     14   Next: 86%
Magic:  14/14      EV: 16    Int:  8    God:    Trog [*****.]
Gold:   640        SH:  0    Dex: 15    Spells: 13/13 levels left

rFire   + + +      SeeInvis .   f - +2 Maxwell's thermic engine {flame, freeze}
rCold   + + +      Faith    .   c - +2 buckler
rNeg    . . .      Spirit   .   (body armour unavailable)
rPois   +          Reflect  .   b - +1 hat of Dice, Bag, and Bottle {rF+ Regen+}
rElec   +          Harm     .   P - scarf {rC+ rF+}
rCorr   .          Rampage  .   (no gloves)
Will    +....                   k - +2 pair of boots
Stlth   ++........              W - amulet "Odemouw" {Contam rPois rF+++ Regen+ Stlth+}
HPRegen 1.91/turn               N - ring of protection from cold
MPRegen 0.14/turn               C - ring of protection from cold

@: confused, flying
A: breathe lightning, AC +8, unfitting armour, big wings, electricity
resistance, cold-blooded
a: Breathe Lightning, Renounce Religion, Berserk, Trog's Hand, Brothers in Arms


You were in an ice cave.
You worshipped Trog.
Trog was extremely pleased with you.
You visited 2 branches of the dungeon, and saw 19 of its levels.
You also visited: Ice Cave.

You collected 1600 gold pieces.
You spent 960 gold pieces at shops.

Inventory:

Hand Weapons
 e - a +3 vorpal rapier
 f - the +2 Maxwell's thermic engine (weapon) {flame, freeze}
   (You found it on level 1 of the Lair of Beasts)

   It burns those it strikes, dealing additional fire damage.
   Big, fiery blades are also staple armaments of hydra-hunters.
   It freezes those it strikes, dealing additional cold damage.
   It can also slow down cold-blooded creatures.
   It becomes more effective when it hits something.
   This effect fades over time.
 s - the +3 falchion of Winter {venom, rCorr}
   (You bought it in a shop on level 3 of the Dungeon)

   It poisons the flesh of those it strikes.
   rCorr:     It protects you from acid and corrosion.
Missiles
 g - a throwing net
 h - 33 stones (quivered)
 m - 22 boomerangs
 z - 6 curare-tipped darts
 F - 5 datura-tipped darts
 H - 45 poisoned darts
Armour
 b - the +1 hat of Dice, Bag, and Bottle (worn) {rF+ Regen+}
   (You acquired it on level 1 of the Dungeon)

   rF:        It protects you from fire.
   Regen:     It increases your rate of health regeneration.
 c - a +2 buckler (worn)
 k - a +2 pair of boots (worn)
 l - a scarf of invisibility
 P - a scarf of resistance (worn)
Jewellery
 C - a ring of protection from cold (right hand)
 N - a ring of protection from cold (left hand)
 W - the amulet "Odemouw" (around neck) {Contam rPois rF+++ Regen+ Stlth+}
   (You bought it in a shop on level 8 of the Dungeon)

   [amulet of regeneration]

   rF:        It renders you almost immune to fire.
   rPois:     It protects you from poison.
   Contam:    It causes magical contamination when unequipped.
   Regen:     It increases your rate of health regeneration.
   Stlth:     It makes you more stealthy.
Wands
 x - a wand of mindburst (35)
 A - a wand of flame (1)
 E - a wand of paralysis (20)
 K - a wand of roots (11)
 O - a wand of polymorph (10)
Scrolls
 i - a scroll of identify
 n - 4 scrolls of fog
 p - 3 scrolls of poison {unknown}
 q - 5 scrolls of teleportation
 u - 2 scrolls of noise {unknown}
 y - 2 scrolls of brand weapon {unknown}
 D - 4 scrolls of enchant weapon {unknown}
 G - 3 scrolls of fear {unknown}
 L - a scroll of summoning
Potions
 a - a potion of ambrosia
 d - 4 potions of haste
 j - 3 potions of berserk rage
 t - a potion of heal wounds
 w - 9 potions of lignification
 B - 3 potions of cancellation
 I - 7 potions of curing
 J - 3 potions of might
 T - a potion of invisibility
Miscellaneous
 o - a phial of floods
 M - a condenser vane
 U - a lightning rod (4/4)
 Z - a phantom mirror


   Skills:
 + Level 13.6 Fighting
 + Level 5.2(10.6) Short Blades
 + Level 14.3(14.7) Long Blades
 + Level 6.9 Throwing
 + Level 9.2 Dodging
 + Level 7.1 Stealth
 + Level 7.5 Shields
 * Level 10.8 Evocations


You had 13 spell levels left.
You didn't know any spells.
Your spell library was empty.

Dungeon Overview and Level Annotations

Branches:
Dungeon (14/15)            Temple (0/1) D:7            Lair (5/5) D:10
 Shoals (0/4) Lair:3       Spider (0/4) Lair:3        Slime (0/5) Lair:4
    Orc (0/2) D:12         Vaults (0/5) D:13          IceCv (1/1)

Altars:
Elyvilon
Hepliaklqana
Kikubaaqudgha
Uskayaw
Jiyva

Shops:
D:3 (   D:8 ?(==   D:10 :   D:13 !

Annotations:
IceCv exclusion: 2 orange crystal statues


Innate Abilities, Weirdness & Mutations

You can breathe wild blasts of lightning.
Your glossy black scales are hard. (AC +8)
You cannot fit into any form of body armour.
Your large and strong wings let you fly.
You are resistant to electric shocks. (rElec)
You are cold-blooded and may be slowed by cold attacks.


Message History

The caustic shrike simulacrum misses you.
The harpy simulacrum claws you.
* * * LOW HITPOINT WARNING * * *
The harpy simulacrum freezes you. You resist.
* * * LOW HITPOINT WARNING * * *
The harpy simulacrum claws you.
* * * LOW HITPOINT WARNING * * *
The harpy simulacrum freezes you. You resist.
* * * LOW HITPOINT WARNING * * *
The orange crystal statue glitters.
Send 'em back where they came from!
Trog shields your ally from puny magic!
The orange crystal statue glitters.
You are more confused.
Your two-headed ogre appears confused.
The dire elephant simulacrum closely misses you. x2
The harpy simulacrum barely misses you.
The harpy simulacrum claws you but does no damage.
The caustic shrike simulacrum claws you but does no damage.
The harpy simulacrum claws you!
* * * LOW HITPOINT WARNING * * *
The harpy simulacrum freezes you. You resist.
* * * LOW HITPOINT WARNING * * *
The harpy simulacrum completely misses you.
Your two-headed ogre barely misses the caustic shrike simulacrum.
Your two-headed ogre hits the caustic shrike simulacrum with a +0 giant club!!
The caustic shrike simulacrum claws your two-headed ogre but does no damage.
The orange crystal statue glitters.
Send 'em back where they came from!
Trog shields your ally from puny magic!
The harpy simulacrum closely misses you.
The harpy simulacrum barely misses you.
You feel less invigorated.
The caustic shrike simulacrum claws your two-headed ogre!
The caustic shrike simulacrum freezes your two-headed ogre!!!
The harpy simulacrum closely misses you. x2
Your two-headed ogre hits the caustic shrike simulacrum with a +0 giant club!!
The caustic shrike simulacrum vaporises!
The dire elephant simulacrum tramples you!!
You die...

##8##
##...##
##.....##
#8......#
#.......#
#.......#
#.ZZ☼...#
#..@O...#
####.####
#......[#
#.......#
#.......#
#.......#
#.......#
##.....##
##...##


You could see 2 orange crystal statues, a dire elephant simulacrum (summoned), a
harpy simulacrum (summoned) and a friendly two-headed ogre (summoned, berserk,
confused).

Vanquished Creatures
  Rupert (D:12)
  A quicksilver ooze (D:13)
  A very ugly thing (IceCv)
  Nessos (D:12)
  Azrael (D:13)
  A fire dragon (D:13)
  2 hydras (D:13)
  A caustic shrike simulacrum (IceCv)
  Erolcha (D:10)
  2 catoblepae (Lair:5)
  3 two-headed ogres
  3 centaur warriors (D:13)
  10 death yaks
  4 skeletal warriors (D:13)
  A fire crab (D:13)
  Lodul (D:12)
  3 spriggan simulacra (D:14)
  A cyclops (D:12)
  A deep elf pyromancer (D:13)
  2 ugly things
  5 elephants (Lair:4)
  4 manticores
  5 black mambas
  11 cane toads
  Maggie (D:6)
  3 rime drakes
  2 unseen horrors
  4 kobold demonologists (D:11)
  An anaconda simulacrum (IceCv)
  15 komodo dragons
  A tengu conjurer (D:12)
  4 trolls
  A golden dragon simulacrum (IceCv)
  Prince Ribbit (D:9)
  A polar bear (Lair:4)
  13 blink frogs
  5 dream sheep (Lair:4)
  A snapping turtle (Lair:3)
  2 shadows
  2 vampires
  2 dire elephant simulacra (IceCv)
  63 yaks
  2 wraiths (D:12)
  2 fire elementals (D:13)
  4 wyverns
  4 basilisks
  Eustachio (D:5)
  4 vampire mosquitoes (D:13)
  2 steam dragons
  3 minotaur simulacra (D:14)
  Menkaure (D:5)
  4 harpy simulacra (IceCv)
  Edmund (D:6)
  2 acid dragons
  4 hydra simulacra (IceCv)
  13 water moccasins
  2 hell hounds (D:13)
  5 orc warriors
  An alligator simulacrum (IceCv)
  An ice beast (D:8)
  5 sky beasts
  A black bear (shapeshifter) (D:13)
  2 black bears (D:6)
  5 centaurs
  7 ogres
  A wolf (D:10)
  2 phantoms (D:6)
  3 kobold brigands
  3 necrophages
  5 bullfrogs
  2 deep troll simulacra (D:14)
  A gnoll sergeant (D:7)
  10 scorpions
  20 wights
  3 killer bees (D:10)
  3 electric eels
  2 lindwurm simulacra (IceCv)
  A howler monkey (D:5)
  2 jellies (D:6)
  6 hounds
  7 orc priests
  A gnoll bouda (D:7)
  6 iguanas
  4 orc wizards
  4 hell rats (Lair:3)
  Robin (D:3)
  15 gnolls
  13 adders
  3 shadow imps
  2 white imps (D:7)
  An ufetubus (D:5)
  4 worms
  37 orcs
  11 endoplasms
  3 giant cockroaches
  16 goblins
  9 hobgoblins
  A jackal (D:4)
  27 kobolds
  A quokka (D:1)
  5 ball pythons
  4 bats
  3 frilled lizards
  6 rats
512 creatures vanquished.

Vanquished Creatures (collateral kills)
  Fannar (Lair:2)
  2 catoblepae
  3 blink frogs (Lair:2)
  A bullfrog (Lair:2)
  A wight (D:9)
8 creatures vanquished.

Vanquished Creatures (others)
  A quokka (D:7)
  33 fungi
  52 plants
86 creatures vanquished.

Grand Total: 606 creatures vanquished

Notes
Turn   | Place    | Note
-------+----------+-------------------------------------------
     0 | D:1      | Kazon the Draconian Berserker began the quest for the Orb.
     0 | D:1      | Reached XP level 1. HP: 19/19 MP: 1/1
    34 | D:1      | Identified a scroll of acquirement
    34 | D:1      | Acquired the +1 hat of Dice, Bag, and Bottle {rF+ Regen+}
   220 | D:1      | Reached XP level 2. HP: 26/26 MP: 2/2
   865 | D:2      | Reached XP level 3. HP: 33/33 MP: 3/3
   875 | D:2      | Reached ** piety under Trog
   888 | D:2      | Reached skill level 4 in Long Blades
   888 | D:2      | Reached XP level 4. HP: 30/40 MP: 4/4
  1440 | D:3      | Found Umat's Antique Weapon Boutique.
  1471 | D:3      | Bought a crude falchion for 184 gold pieces
  1471 | D:3      | Identified the +3 falchion of Winter {venom, rCorr} (You
                  | bought it in a shop on level 3 of the Dungeon)
  1618 | D:3      | Reached skill level 1 in Throwing
  1758 | D:3      | Reached XP level 5. HP: 46/46 MP: 5/5
  1768 | D:3      | Noticed Robin
  1774 | D:3      | Killed Robin
  1774 | D:3      | Reached *** piety under Trog
  1823 | D:3      | Reached skill level 6 in Long Blades
  1823 | D:3      | Reached skill level 5 in Dodging
  1823 | D:3      | Reached XP level 6. HP: 58/58 MP: 6/6
  2424 | D:4      | Your scales start taking on a glossy black colour.
  2424 | D:4      | Reached XP level 7. HP: 64/64 MP: 7/7
  2424 | D:4      | Gained mutation: You are resistant to electric shocks.
                  | (rElec) [Black Draconian growth]
  2568 | D:4      | Found a hazy altar of Hepliaklqana.
  2937 | D:5      | Entered Level 5 of the Dungeon
  2972 | D:5      | Reached skill level 7 in Long Blades
  3015 | D:5      | Noticed Eustachio
  3041 | D:5      | Reached skill level 1 in Evocations
  3045 | D:5      | Killed Eustachio
  3046 | D:5      | Reached XP level 8. HP: 65/71 MP: 8/8
  3081 | D:5      | Noticed Menkaure
  3090 | D:5      | Killed Menkaure
  3789 | D:6      | Reached **** piety under Trog
  3996 | D:6      | Reached XP level 9. HP: 73/79 MP: 9/9
  4033 | D:6      | Reached skill level 8 in Long Blades
  4105 | D:6      | Noticed Edmund
  4124 | D:6      | Killed Edmund
  4373 | D:6      | Noticed Maggie
  4396 | D:6      | Killed Maggie
  4735 | D:7      | Reached skill level 5 in Stealth
  4791 | D:7      | Reached ***** piety under Trog
  4802 | D:7      | Reached XP level 10. HP: 38/86 MP: 10/10
  4865 | D:7      | Found a white marble altar of Elyvilon.
  4985 | D:7      | Found a hide-covered altar of Uskayaw.
  5025 | D:7      | Reached skill level 9 in Long Blades
  5056 | D:7      | Found a staircase to the Ecumenical Temple.
  5203 | D:7      | Reached skill level 5 in Shields
  5370 | D:8      | Found Quzidd's Magic Scroll Emporium.
  5375 | D:8      | Bought a scroll of teleportation for 42 gold pieces
  5499 | D:8      | Found Esumer's Weapon Shop.
  5743 | D:8      | Found Heidghoki's Jewellery Shop.
  5783 | D:8      | Found Zoxtaeshakh's Jewellery Boutique.
  6329 | D:9      | Noticed Prince Ribbit
  6368 | D:9      | Killed Prince Ribbit
  6420 | D:9      | Paralysed by a wight for 2 turns
  6759 | D:9      | Noticed a two-headed ogre
  6783 | D:9      | Killed a two-headed ogre
  7042 | D:10     | Entered Level 10 of the Dungeon
  7088 | D:10     | Noticed Erolcha
  7092 | D:10     | Killed Erolcha
  7093 | D:10     | Reached XP level 11. HP: 51/94 MP: 11/11
  7111 | D:10     | Identified the +5 long sword of the Land of Plenty {drain,
                  | Dex+3}
  7147 | D:10     | Found a staircase to the Lair.
  7174 | D:10     | Reached skill level 5 in Throwing
  7187 | D:10     | Reached skill level 5 in Evocations
  7600 | D:10     | Reached skill level 10 in Long Blades
  7863 | D:10     | Found Juagoaq's Book Shoppe.
  8239 | D:11     | Noticed a green ugly thing
  8251 | D:11     | Killed a green ugly thing
  8490 | D:11     | Noticed a soul eater
  8493 | D:11     | Noticed a soul eater
  8494 | D:11     | Noticed a sun demon
  9167 | D:12     | Reached skill level 11 in Long Blades
  9231 | Lair:1   | Entered Level 1 of the Lair of Beasts
  9237 | Lair:1   | Reached XP level 12. HP: 105/105 MP: 12/12
  9295 | Lair:1   | Found the +2 Maxwell's thermic engine {flame, freeze}
  9954 | Lair:2   | Received a gift from Trog
 10041 | Lair:2   | Noticed Fannar
 10050 | Lair:2   | Noticed a catoblepas
 10054 | Lair:2   | Killed Fannar
 10055 | Lair:2   | Reached skill level 10 in Fighting
 10057 | Lair:2   | Killed a catoblepas
 10058 | Lair:2   | Reached skill level 5 in Short Blades
 11037 | D:8      | Bought the amulet "Odemouw" {Contam rPois rF+++ Regen+
                  | Stlth+} for 734 gold pieces
 11156 | Lair:3   | Found a staircase to the Shoals.
 11188 | Lair:3   | Noticed a death yak
 11189 | Lair:3   | Noticed a death yak
 11189 | Lair:3   | Noticed a death yak
 11207 | Lair:3   | Killed a death yak
 11210 | Lair:3   | Killed a death yak
 11211 | Lair:3   | Reached skill level 12 in Long Blades
 11215 | Lair:3   | Killed a death yak
 11236 | Lair:3   | Noticed a death yak
 11253 | Lair:3   | Reached XP level 13. HP: 116/116 MP: 13/13
 11387 | Lair:3   | Found an ancient bone altar of Kikubaaqudgha.
 11568 | Lair:3   | Found a hole to the Spider Nest.
 12140 | Lair:4   | Found a viscous altar of Jiyva.
 12140 | Lair:4   | Found a staircase to the Slime Pits.
 12232 | Lair:4   | Reached ****** piety under Trog
 12297 | Lair:4   | Identified the +3 battleaxe "Adididghufym" {antimagic, rF+
                  | Will+}
 12539 | Lair:5   | Entered Level 5 of the Lair of Beasts
 12571 | Lair:5   | Received a gift from Trog
 12885 | Lair:5   | Reached skill level 13 in Long Blades
 13623 | Lair:5   | Gained mutation: Your large and strong wings let you fly.
                  | [Black Draconian growth]
 13623 | Lair:5   | Reached XP level 14. HP: 107/127 MP: 14/14
 13929 | D:12     | Noticed Nessos
 13933 | D:12     | Killed Nessos
 13991 | D:12     | Found a staircase to the Orcish Mines.
 14147 | D:12     | Noticed Rupert
 14151 | D:12     | Killed Rupert
 14450 | D:12     | Noticed Lodul
 14467 | D:12     | Killed Lodul
 14524 | D:13     | Noticed Azrael
 14548 | D:13     | Killed Azrael
 14554 | D:13     | Received a gift from Trog
 14775 | D:13     | Noticed a quicksilver ooze
 14775 | D:13     | a vault guard changed into a quicksilver ooze
 14777 | D:13     | Killed a quicksilver ooze
 14784 | D:13     | Reached skill level 10 in Evocations
 14807 | D:13     | Found a gate to the Vaults.
 14925 | D:13     | Reached skill level 14 in Long Blades
 15162 | D:13     | Found Ituota Roil's Distillery.
 15360 | D:14     | Found a frozen archway.
 15447 | IceCv    | Entered an ice cave
 15524 | IceCv    | Noticed a white very ugly thing
 15542 | IceCv    | Killed a white very ugly thing
 15554 | IceCv    | Mangled by a dire elephant simulacrum

Illustrated notes

Levels and vault maps discovered:
D:1:      dpeg_arrival_three_smaller_balls, layout_basic
D:2:      layout_loops_ring
D:3:      layout_basic, serial_shops, nicolae_shop_stone, st_stairs_9,
          minmay_misc_feat_doors, eino_curves_03, uniq_robin
D:4:      minmay_wonky_spiral, layout_basic,
          mainiacjoe_overflow_surrounded_room, minivault_5
D:5:      layout_cave_pods, uniq_menkaure, uniq_eustachio
D:6:      cheibrodos_barr_body, layout_basic, minmay_crystal_room,
          minmay_pentangle, uniq_maggie, uniq_edmund
D:7:      layout_cave_pools, nicolae_uskayaw_murder_on_the_dancefloor,
          elyvilon_altar_4, minmay_temple_entry_purple_smoke
D:8:      layout_basic, serial_shops, shop_statue, kennysheep_little_box, shop,
          nicolae_shop_window_shopping
D:9:      layout_cave_pools, uniq_prince_ribbit1
D:10:     layout_stronghold, erik_lair_island, serial_shops,
          nicolae_shop_statue_plus, uniq_erolcha
D:11:     layout_roguey
D:12:     layout_loops_ring, orc_0_dummy, chequers_serial_rivers_marsh,
          uniq_lodul, uniq_nessos, uniq_rupert
D:13:     layout_gridville, david_vaults_5, serial_shops,
          nicolae_shop_behind_doors, minmay_fractal_squares_gapless_5,
          uniq_azrael
D:14:     layout_roguey, minmay_misc_feat_secret_circle, gammafunk_ghost_split,
          portal_ice_cave_entry_ice_simulacra, uniq_snorg
Lair:1:   layout_long_grid, fungi_pond_lemuel, cheibrodos_lair_reptile_den
Lair:2:   layout_gridlike, uniq_fannar
Lair:3:   layout_roguey, minmay_shoals_entry_hut,
          nicolae_spider_entry_non_spiders, basic_altar, serial_bayou_crossing
Lair:4:   layout_gridlike, slime_entry_1, serial_rivers,
          chequers_serial_rivers_room_a, chequers_serial_rivers_micro_c,
          chequers_serial_rivers_room_a, chequers_serial_rivers_micro_e,
          minivault_27, grunt_megastairs_3, infiniplex_staircase_pool_2
Lair:5:   evilmike_catoblepas_cave, layout_long_grid
IceCv:    ice_cave_statue_garden_chambered

Skill      XL: |  1  2  3  4  5  6  7  8  9 10 11 12 13 14 |
---------------+-------------------------------------------+-----
Dodging        | 3 5 6 7 8 9 |  9.2
Long Blades    | 4 6 7 8 9 11 12 13 14 | 14.3
Fighting       | 4 6 7 8 9 11 12 13 | 13.6
Throwing       | 1 4 5 6 |  6.9
Short Blades   | 4 5 |  5.2
Stealth        | 4 5 6 7 |  7.1
Shields        | 4 5 6 7 |  7.5
Evocations     | 1 2 3 4 6 7 9 10 | 10.8

Action                   |  1- 3 |  4- 6 |  7- 9 | 10-12 | 13-15 || total
-------------------------+-------+-------+-------+-------+-------++-------
Melee: Falchion          |    93 |   111 |   307 |   385 |    19 ||   915
       Tailslap          |     9 |    11 |    49 |   131 |   106 ||   306
       Punch             |       |     2 |       |       |       ||     2
       Dagger            |       |     8 |    39 |    73 |    13 ||   133
       Long sword        |       |       |       |    56 |       ||    56
       Double sword      |       |       |       |   150 |   479 ||   629
Throw: Stone             |       |    21 |    38 |    51 |    46 ||   156
       Boomerang         |       |       |       |    32 |    23 ||    55
       Dart              |       |       |       |    26 |     6 ||    32
Invok: Berserk           |     1 |       |     2 |     5 |     1 ||     9
       Brothers in Arms  |       |       |       |     2 |     1 ||     3
 Abil: Breathe Lightning |       |       |    12 |    13 |     7 ||    32
Evoke: Condenser vane    |       |       |       |     1 |       ||     1
       Wand              |       |       |       |     2 |    50 ||    52
       Phantom mirror    |       |       |       |       |     1 ||     1
  Use: Scroll            |     1 |       |       |    10 |    10 ||    21
       Potion            |       |     1 |     2 |       |     1 ||     4
 Stab: Sleeping          |       |     1 |     7 |    14 |     9 ||    31
       Distracted        |       |       |     1 |     1 |     1 ||     3
       Petrified         |       |       |       |       |     2 ||     2
Armor: Skin              |    35 |    36 |    94 |   131 |   112 ||   408
Dodge: Dodged            |    76 |    63 |   197 |   360 |   266 ||   962
Block: Buckler           |       |       |    45 |   126 |   162 ||   333
